[Event "XIII Mediterranean Championship 2023"]
[Site "Castell-Platja d Aro"]
[Date "2023.11.05"]
[Round "3.9"]
[White "Narciso Dublan, Marc"]
[Black "Martinez Pla, Xavier"]
[Result "1-0"]
[ECO "A13"]
[WhiteElo "2401"]
[BlackElo "2263"]
[Annotator "RC"]
[PlyCount "70"]
[EventDate "2023.10.26"]
[EventType "swiss"]
[EventCountry "ESP"]
[SourceTitle "playchess.com"]
[Source "ChessBase"]
[SourceQuality "1"]
[TimeControl "5400+30"]

1. c4 e6 2. g3 d5 3. Bg2 d4 4. d3 Nc6 5. Nf3 Bc5 6. O-O Nf6 7. e4 e5 8. Na3 O-O 9. Nc2 Re8 10. a3 a5 11. b3 Bf8 12. Rb1 g6 13. Kh1 Bg7 14. Ng1 Nd7 15. f4 exf4 16. gxf4 Nc5 17. Ne1 Qe7 18. Ngf3 Bg4 19. Qc2 Qd7 20. Qf2 Rab8 21. b4 axb4 22. axb4 Bxf3 23. Qxf3 Na4 24. b5 Ne7 25. f5 gxf5 26. Bh3 Nc5 27. Ba3 b6 28. Ng2 Ng6 29. Bxf5 Qe7 30. Qh3 Be5 31. Nf4 Bxf4 32. Rxf4 Ra8 33. Bb2 Qe5 34. Rf2 Ra7 35. Rbf1 Re7 1-0

[Event "XIII Mediterranean Championship 2023"]
[Site "Castell-Platja d Aro"]
[Date "2023.11.05"]
[Round "3.10"]
[White "Lacasa Diaz, Jose Antonio"]
[Black "Vinas Racionero, Josep"]
[Result "1-0"]
[ECO "C55"]
[WhiteElo "2353"]
[BlackElo "2075"]
[Annotator "RC"]
[PlyCount "55"]
[EventDate "2023.10.26"]
[EventType "swiss"]
[EventCountry "ESP"]
[SourceTitle "playchess.com"]
[Source "ChessBase"]
[SourceQuality "1"]
[TimeControl "5400+30"]

1. e4 e5 2. Nf3 Nc6 3. Bc4 Nf6 4. d3 h6 5. O-O d6 6. a4 g5 7. c3 Bg7 8. a5 a6 9. Nbd2 O-O 10. Kh1 Ne7 11. Re1 Ng6 12. Nf1 Nf4 13. Bxf4 gxf4 14. d4 Qe7 15. dxe5 dxe5 16. h3 Nh7 17. Qe2 Ng5 18. N1h2 Bd7 19. Rad1 Rad8 20. Nxg5 Qxg5 21. Rd3 Kh8 22. Red1 Qe7 23. Qd2 Be6 24. Rxd8 Bxc4 25. Rxf8+ Bxf8 26. Qd8 Qc5 27. b4 Qe7 28. Ng4 1-0

[Event "XIII Mediterranean Championship 2023"]
[Site "Castell-Platja d Aro"]
[Date "2023.11.05"]
[Round "3.11"]
[White "Pham Guerrero, Sergi"]
[Black "Masague Artero, Guerau"]
[Result "0-1"]
[ECO "B23"]
[WhiteElo "2072"]
[BlackElo "2305"]
[Annotator "RC"]
[PlyCount "40"]
[EventDate "2023.10.26"]
[EventType "swiss"]
[EventCountry "ESP"]
[SourceTitle "playchess.com"]
[Source "ChessBase"]
[SourceQuality "1"]
[TimeControl "5400+30"]

1. e4 c5 2. Nc3 Nc6 3. f4 g6 4. Nf3 Bg7 5. a4 e6 6. e5 d5 7. d4 cxd4 8. Nb5 Bf8 9. Nbxd4 Nh6 10. c3 Nf5 11. Nxf5 gxf5 12. Be3 Rg8 13. Qd2 Bd7 14. b4 Rc8 15. Bd3 d4 16. Bxd4 a5 17. b5 Nxd4 18. Nxd4 Rxc3 19. O-O Bc5 20. Qxc3 Bc6 0-1

[Event "XIII Mediterranean Championship 2023"]
[Site "Castell-Platja d Aro"]
[Date "2023.11.05"]
[Round "3.12"]
[White "Garcia Paolicchi, Raul"]
[Black "Garcia Jimenez, Francisco Javier"]
[Result "0-1"]
[ECO "A44"]
[WhiteElo "2051"]
[BlackElo "2249"]
[Annotator "RC"]
[PlyCount "166"]
[EventDate "2023.10.26"]
[EventType "swiss"]
[EventCountry "ESP"]
[SourceTitle "playchess.com"]
[Source "ChessBase"]
[SourceQuality "1"]
[TimeControl "5400+30"]

1. d4 c5 2. d5 Nf6 3. Nc3 e5 4. e4 d6 5. Nf3 Be7 6. Nd2 O-O 7. Be2 Na6 8. Nc4 b5 9. Nxb5 Nxe4 10. O-O Nc7 11. Nxc7 Qxc7 12. f3 Nf6 13. f4 exf4 14. Bxf4 Re8 15. Ne3 Bf8 16. Bb5 Bd7 17. Bxd7 Qxd7 18. Qd3 Re4 19. Bg5 Rd4 20. Qf5 Qxf5 21. Nxf5 Rxd5 22. Bxf6 gxf6 23. Rad1 Re5 24. c4 Rd8 25. Ng3 d5 26. cxd5 Rdxd5 27. Rxd5 Rxd5 28. Rf5 Rd1+ 29. Rf1 Rd2 30. Rf2 Rd1+ 31. Rf1 Rd8 32. Nf5 c4 33. h3 Rd2 34. Rf4 Bc5+ 35. Kh2 c3 36. bxc3 Rxa2 37. Rc4 Ra5 38. Kg3 h5 39. Kf3 Kh7 40. Ng3 Bd6 41. Ne2 Rf5+ 42. Ke3 Bc5+ 43. Nd4 Bb6 44. Rc6 Kg6 45. Ke2 Re5+ 46. Kf3 h4 47. Kf4 Rg5 48. Nf3 Rh5 49. Kg4 Bf2 50. Kf4 a5 51. Ke4 Rb5 52. Ra6 Bg3 53. c4 Rb2 54. Rxa5 Rxg2 55. c5 f5+ 56. Kd5 Rf2 57. Ne5+ Kg7 58. c6 Rd2+ 59. Kc4 Rc2+ 60. Kd5 Rd2+ 61. Kc4 Kf6 62. Nd3 Rc2+ 63. Kd5 Rd2 64. Kc4 Bd6 65. Ra7 f4 66. Ra1 Ke6 67. Rf1 Rc2+ 68. Kb5 Kf5 69. Rf2 Rc3 70. Ne1 Rxh3 71. Rd2 Ke6 72. Rd3 Rxd3 73. Nxd3 h3 74. Kb6 h2 75. Nf2 f3 76. Kb7 Kf5 77. Kc8 Bc5 78. Kb7 Bd6 79. Kc8 Bg3 80. Kb7 f6 81. Nh1 Bd6 82. Kc8 Kf4 83. Kd7 Be5 0-1

[Event "XIII Mediterranean Championship 2023"]
[Site "Castell-Platja d Aro"]
[Date "2023.11.05"]
[Round "3.13"]
[White "Jimenez Fernandez, Rebeca"]
[Black "Ventura Bolet, Alexandre"]
[Result "1/2-1/2"]
[ECO "B03"]
[WhiteElo "2053"]
[BlackElo "2238"]
[Annotator "RC"]
[PlyCount "112"]
[EventDate "2023.10.26"]
[EventType "swiss"]
[EventCountry "ESP"]
[SourceTitle "playchess.com"]
[Source "ChessBase"]
[SourceQuality "1"]
[TimeControl "5400+30"]

1. e4 Nf6 2. e5 Nd5 3. c4 Nb6 4. d4 d6 5. f4 g6 6. Nc3 Bg7 7. Be3 Be6 8. b3 O-O 9. Nf3 dxe5 10. fxe5 c5 11. d5 Bg4 12. Be2 N8d7 13. Rc1 Bxf3 14. Bxf3 Nxe5 15. Bxc5 Nbd7 16. Be3 Qa5 17. Bd4 Nxf3+ 18. gxf3 e5 19. dxe6 Bxd4 20. Qxd4 fxe6 21. O-O Ne5 22. f4 Ng4 23. Kh1 Nxh2 24. Kxh2 Qh5+ 25. Kg3 Rad8 26. Qe3 Qf5 27. Rcd1 h5 28. Qf3 Rxd1 29. Nxd1 e5 30. Ne3 exf4+ 31. Qxf4 h4+ 32. Qxh4 Qe5+ 33. Kg2 Qxe3 34. Rxf8+ Kxf8 35. Qf6+ Ke8 36. Qxg6+ Kd7 37. Qf7+ Kc8 38. Qg8+ Kd7 39. Qg4+ Kd8 40. Qh4+ Kd7 41. Qf2 Qg5+ 42. Kf3 a6 43. Ke4 Qg4+ 44. Kd3 Qg6+ 45. Kc3 Kc7 46. Qf4+ Kc8 47. Qf8+ Kc7 48. Qc5+ Kb8 49. Qe5+ Ka8 50. b4 Qb1 51. Qh8+ Ka7 52. Qd4+ Ka8 53. Qd8+ Ka7 54. a3 Qc1+ 55. Kb3 Qb1+ 56. Kc3 Qc1+ 1/2-1/2

[Event "XIII Mediterranean Championship 2023"]
[Site "Castell-Platja d Aro"]
[Date "2023.11.05"]
[Round "3.14"]
[White "Martin Barcelo, Carles"]
[Black "Menac Comas, Joan Ramon"]
[Result "0-1"]
[ECO "A40"]
[WhiteElo "2242"]
[BlackElo "2044"]
[Annotator "RC"]
[PlyCount "124"]
[EventDate "2023.10.26"]
[EventType "swiss"]
[EventCountry "ESP"]
[SourceTitle "playchess.com"]
[Source "ChessBase"]
[SourceQuality "1"]
[TimeControl "5400+30"]

1. e4 c5 2. Nf3 g6 3. c4 Bg7 4. d4 Nc6 5. dxc5 Qa5+ 6. Nc3 Bxc3+ 7. bxc3 Nf6 8. Rb1 Nxe4 9. Qc2 Qxc3+ 10. Qxc3 Nxc3 11. Rb3 Na4 12. Be3 b6 13. cxb6 axb6 14. Be2 Ba6 15. Bxb6 O-O 16. Be3 Rfc8 17. Nd2 Ne5 18. Rb4 Nc3 19. f4 Nxe2 20. fxe5 Nc1 21. O-O Nd3 22. Ra4 Nxe5 23. Rf4 d6 24. Rd4 Bb7 25. Rb4 Bc6 26. Rb2 Ra3 27. Bh6 f6 28. Nb1 Ra4 29. Nc3 Rxc4 30. Rxc4 Nxc4 31. Rb4 Ne5 32. Bd2 Nd3 33. Rb6 Nc5 34. Be3 Bd7 35. Nd5 Kf7 36. Bf4 Be6 37. Nb4 Ra8 38. Rc6 Ra4 39. Bd2 Ne4 40. Be1 Bxa2 41. Rc7 Nc5 42. Nc6 Re4 43. Bg3 Nd3 44. h3 Bd5 45. Na7 Re2 46. Bxd6 Rxg2+ 47. Kf1 Ke6 48. Ba3 Rf2+ 49. Kg1 Ra2 50. Rxe7+ Kf5 51. Nb5 Ra1+ 52. Kh2 Rh1+ 53. Kg3 Rg1+ 54. Kh4 Ne5 55. Nd4+ Ke4 56. Ne2 Rg2 57. Ng3+ Kf3 58. Nf1 Bf7 59. Rxf7 Nxf7 60. Be7 Nh6 61. Ne3 Kxe3 62. Bc5+ Kd3 0-1

[Event "XIII Mediterranean Championship 2023"]
[Site "Castell-Platja d Aro"]
[Date "2023.11.05"]
[Round "3.15"]
[White "Makka, Evanthia"]
[Black "Vehi Bach, Victor Manuel"]
[Result "1/2-1/2"]
[ECO "E14"]
[WhiteElo "2004"]
[BlackElo "2216"]
[Annotator "ChessBase"]
[PlyCount "58"]
[EventDate "2023.10.26"]
[EventType "swiss"]
[EventCountry "ESP"]
[SourceTitle "playchess.com"]
[Source "ChessBase"]
[SourceQuality "1"]
[TimeControl "5400+30"]

1. d4 Nf6 2. Nf3 e6 3. e3 b6 4. Bd3 Bb7 5. O-O d5 6. c4 Bd6 7. Nbd2 O-O 8. Qc2 c5 9. dxc5 bxc5 10. e4 Nc6 11. cxd5 exd5 12. a3 Nd4 13. Nxd4 cxd4 14. exd5 Bxd5 15. Qd1 Qc7 16. h3 Qb7 17. Nf3 Rac8 18. Nh4 Rfe8 19. b4 Ne4 20. Nf5 Be5 21. Qg4 g6 22. f4 Bb8 23. Nh6+ Kg7 24. f5 Rc3 25. fxg6 hxg6 26. Nf5+ Kg8 27. Nh6+ Kg7 28. Nf5+ Kg8 29. Nh6+ Kg7 1/2-1/2

[Event "XIII Mediterranean Championship 2023"]
[Site "Castell-Platja d Aro"]
[Date "2023.11.05"]
[Round "3.16"]
[White "Alonso Gimenez, Mauro"]
[Black "Hernando Rodrigo, Julio Antonio"]
[Result "0-1"]
[ECO "B30"]
[WhiteElo "1978"]
[BlackElo "2202"]
[Annotator "ChessBase"]
[PlyCount "126"]
[EventDate "2023.10.26"]
[EventType "swiss"]
[EventCountry "ESP"]
[SourceTitle "playchess.com"]
[Source "ChessBase"]
[SourceQuality "1"]
[TimeControl "5400+30"]

1. e4 c5 2. Nc3 e6 3. Nf3 Nc6 4. Bb5 Nge7 5. O-O a6 6. Bxc6 Nxc6 7. d4 cxd4 8. Nxd4 Be7 9. Nxc6 bxc6 10. e5 O-O 11. Qg4 f6 12. Bf4 Kh8 13. Rad1 f5 14. Qh5 g6 15. Qh6 g5 16. Bc1 Rg8 17. Rd3 Rg6 18. Qh5 Qg8 19. Na4 Rb8 20. Be3 Rb5 21. c4 Rxe5 22. Bd4 Bf6 23. Bxe5 Bxe5 24. Qe2 Bc7 25. c5 e5 26. Nb6 e4 27. Rdd1 d5 28. cxd6 Bxb6 29. d7 Bb7 30. Qd2 Qd8 31. Qc3+ Rg7 32. Qb3 Rg8 33. a4 a5 34. Qc3+ Rg7 35. Qb3 Rg8 36. Qc3+ Rg7 37. b4 Ba6 38. bxa5 Bc7 39. Qxc6 Bd3 40. a6 Qxd7 41. Rc1 Qxc6 42. Rxc6 Bxf1 43. Kxf1 Bb8 44. Ke2 Ba7 45. Rc8+ Rg8 46. Rc7 Ra8 47. h4 h6 48. h5 f4 49. Rc6 Kg7 50. Rc7+ Kf6 51. Rc6+ Kf5 52. Rxh6 Rb8 53. Rh7 Rb2+ 54. Kd1 Bxf2 55. a7 Bxa7 56. Rxa7 Rxg2 57. Rf7+ Ke6 58. Rg7 e3 59. h6 f3 60. h7 Rd2+ 61. Kc1 Rh2 62. Kd1 Rh1+ 63. Kc2 f2 0-1

[Event "XIII Mediterranean Championship 2023"]
[Site "Castell-Platja d Aro"]
[Date "2023.11.05"]
[Round "3.17"]
[White "Domene Mulyukov, Alexander"]
[Black "De Lussac, Estephe"]
[Result "1-0"]
[ECO "B01"]
[WhiteElo "2198"]
[BlackElo "2013"]
[Annotator "ChessBase"]
[PlyCount "55"]
[EventDate "2023.10.26"]
[EventType "swiss"]
[EventCountry "ESP"]
[SourceTitle "playchess.com"]
[Source "ChessBase"]
[SourceQuality "1"]
[TimeControl "5400+30"]

1. e4 d5 2. exd5 Qxd5 3. Nc3 Qd6 4. d4 Nf6 5. Nf3 a6 6. Bd3 Bg4 7. h3 Bh5 8. g4 Bg6 9. Ne2 Nbd7 10. Nf4 c5 11. d5 Bxd3 12. Qxd3 Ne5 13. Nxe5 Qxe5+ 14. Qe3 Qxe3+ 15. Bxe3 g5 16. Nh5 Nxd5 17. Bxg5 c4 18. O-O-O O-O-O 19. Rd4 Nb6 20. Be3 Re8 21. Re4 Kc7 22. Rd1 c3 23. Rd3 cxb2+ 24. Kxb2 Nc8 25. Bf4+ Kc6 26. Rc3+ Kd5 27. Re5+ Kd4 28. Kb3 1-0

[Event "XIII Mediterranean Championship 2023"]
[Site "Castell-Platja d Aro"]
[Date "2023.11.05"]
[Round "3.18"]
[White "De Lomas Busquets, Alba"]
[Black "Valle Luis, Leo"]
[Result "0-1"]
[ECO "D03"]
[WhiteElo "1873"]
[BlackElo "2216"]
[Annotator "ChessBase"]
[PlyCount "152"]
[EventDate "2023.10.26"]
[EventType "swiss"]
[EventCountry "ESP"]
[SourceTitle "playchess.com"]
[Source "ChessBase"]
[SourceQuality "1"]
[TimeControl "5400+30"]

1. d4 Nf6 2. Nf3 e6 3. Bg5 d5 4. Nbd2 Be7 5. e3 c5 6. c3 O-O 7. Bd3 Nc6 8. O-O b6 9. Ne5 Bb7 10. Qf3 Nd7 11. Qh5 f5 12. Bxe7 Qxe7 13. f4 Rf6 14. Qh4 Ndxe5 15. fxe5 Rf7 16. Qxe7 Rxe7 17. Nf3 a5 18. a4 Ba6 19. Bxa6 Rxa6 20. Rfc1 Rc7 21. Ng5 Nd8 22. c4 h6 23. Nf3 Rd7 24. h4 Raa7 25. Ra3 Nc6 26. Rb3 Nb4 27. Nd2 cxd4 28. exd4 dxc4 29. Rxc4 Rac7 30. Rbc3 Nd5 31. Rc1 Kf7 32. Kf2 Ke7 33. g3 Rb7 34. Rc8 Rbc7 35. R8xc7 Rxc7 36. Nc4 g5 37. hxg5 hxg5 38. b3 Kf7 39. Rh1 Kg7 40. Rh5 g4 41. Rg5+ Kh7 42. Rh5+ Kg8 43. Rh6 Re7 44. Rg6+ Kh7 45. Rg5 Re8 46. Rh5+ Kg6 47. Rh4 Rb8 48. Nd6 Rf8 49. Nc4 Nc7 50. Nd6 b5 51. axb5 Rb8 52. Rh1 Nxb5 53. Nxb5 Rxb5 54. Rc1 Rxb3 55. Rc6 Rf3+ 56. Kg2 Kf7 57. Rc7+ Ke8 58. Rc6 Ke7 59. Rc7+ Kd8 60. Rc6 Rd3 61. Rxe6 Rxd4 62. Rf6 Rd2+ 63. Kg1 a4 64. Ra6 Rd4 65. Kf2 Re4 66. e6 Ke7 67. Kf1 Re3 68. Kf2 Rf3+ 69. Kg2 a3 70. Kh2 Rb3 71. Ra7+ Kxe6 72. Ra6+ Ke5 73. Ra5+ Kf6 74. Ra6+ Kg5 75. Kg2 Rb2+ 76. Kg1 a2 0-1

[Event "XIII Mediterranean Championship 2023"]
[Site "Castell-Platja d Aro"]
[Date "2023.11.05"]
[Round "3.19"]
[White "Banos, Oscar"]
[Black "Clot Chico, Arnau"]
[Result "1/2-1/2"]
[ECO "A30"]
[WhiteElo "2188"]
[BlackElo "2008"]
[Annotator "ChessBase"]
[PlyCount "127"]
[EventDate "2023.10.26"]
[EventType "swiss"]
[EventCountry "ESP"]
[SourceTitle "playchess.com"]
[Source "ChessBase"]
[SourceQuality "1"]
[TimeControl "5400+30"]

1. Nf3 Nf6 2. c4 b6 3. g3 Bb7 4. Bg2 e6 5. O-O a6 6. b3 Be7 7. Bb2 c5 8. e3 O-O 9. d4 cxd4 10. exd4 d5 11. Nbd2 dxc4 12. bxc4 Nbd7 13. Rc1 Rc8 14. Qb3 Re8 15. Rfd1 Qc7 16. Nf1 Bd8 17. Ne3 Qb8 18. Qa4 Qa8 19. Ne5 Bxg2 20. Nxg2 Qb7 21. Nxd7 Nxd7 22. Qc2 Bg5 23. f4 Bf6 24. Qe2 Red8 25. Ne1 Qc6 26. Rd3 Nb8 27. Nf3 Qb7 28. Re3 h6 29. g4 g6 30. g5 hxg5 31. fxg5 Bg7 32. h4 Nc6 33. Re4 Na5 34. Nd2 b5 35. c5 e5 36. Bc3 b4 37. Rb1 Nc6 38. dxe5 Qe7 39. Ba1 Qxc5+ 40. Kh1 Qd5 41. Nf3 Qe6 42. Kg2 a5 43. Rc1 Ne7 44. Rec4 Rxc4 45. Qxc4 Nd5 46. Qe4 Ne7 47. Rc2 Nf5 48. Bd4 b3 49. axb3 Qxb3 50. Bf2 a4 51. Rc4 a3 52. e6 a2 53. exf7+ Kh7 54. h5 Qxc4 55. hxg6+ Kxg6 56. Nh4+ Kh5 57. Qxc4 a1=Q 58. Nxf5 Qa8+ 59. Kh2 Be5+ 60. Ng3+ Bxg3+ 61. Kxg3 Qb8+ 62. Kg2 Qb7+ 63. Kg3 Qb8+ 64. Kg2 1/2-1/2

[Event "XIII Mediterranean Championship 2023"]
[Site "Castell-Platja d Aro"]
[Date "2023.11.05"]
[Round "3.21"]
[White "Zvereva, Marija"]
[Black "Makka, Ioulia"]
[Result "0-1"]
[ECO "C48"]
[WhiteElo "2144"]
[BlackElo "1900"]
[Annotator "NA"]
[PlyCount "34"]
[EventDate "2023.10.26"]
[EventType "swiss"]
[EventCountry "ESP"]
[SourceTitle "playchess.com"]
[Source "ChessBase"]
[SourceQuality "1"]
[TimeControl "5400+30"]

1. e4 e5 2. Nf3 Nc6 3. Nc3 Nf6 4. Bb5 Bd6 5. d4 Nxd4 6. Nxd4 exd4 7. Qxd4 Qe7 8. f3 c6 9. Be2 O-O 10. Be3 Be5 11. Qd3 Re8 12. Kf2 d5 13. Rae1 d4 14. Bg5 dxc3 15. f4 Qc5+ 16. Kf1 Bd4 17. Bxf6 gxf6 0-1

[Event "XIII Mediterranean Championship 2023"]
[Site "Castell-Platja d Aro"]
[Date "2023.11.05"]
[Round "3.22"]
[White "Canigueral Salvado, Jaume"]
[Black "Guillo Longares, Cecilia"]
[Result "0-1"]
[ECO "B34"]
[WhiteElo "1853"]
[BlackElo "2065"]
[Annotator "NA"]
[PlyCount "138"]
[EventDate "2023.10.26"]
[EventType "swiss"]
[EventCountry "ESP"]
[SourceTitle "playchess.com"]
[Source "ChessBase"]
[SourceQuality "1"]
[TimeControl "5400+30"]

1. e4 c5 2. Nf3 Nc6 3. d4 cxd4 4. Nxd4 g6 5. Nc3 Bg7 6. Be3 Nf6 7. Be2 O-O 8. O-O d5 9. Nxc6 bxc6 10. exd5 Nxd5 11. Nxd5 cxd5 12. c3 e5 13. Qd2 Be6 14. Bc5 Re8 15. Bb5 Bd7 16. Bxd7 Qxd7 17. Rad1 Red8 18. Rfe1 Qc7 19. b4 Rac8 20. Qg5 f6 21. Qg4 Qf7 22. Qf3 f5 23. Qe2 e4 24. Qc2 Be5 25. Bd4 Qc7 26. Bxe5 Qxe5 27. Rc1 Rc4 28. Qa4 Qc7 29. Qa6 Rd6 30. Qb5 Kf7 31. Rcd1 a6 32. Qa4 Rxc3 33. b5 Qc5 34. Qa5 axb5 35. Qa8 Rc2 36. Rf1 Qc8 37. Qa7+ Qc7 38. Qd4 Rd8 39. Rb1 Qc5 40. Qe5 d4 41. Qf4 d3 42. Qh4 Rh8 43. a4 b4 44. a5 Kg7 45. Qf4 Ra8 46. g4 Rxa5 47. g5 Ra8 48. Rxb4 Qc7 49. Qh4 d2 50. Qh3 Rc1 51. Rb1 Rxb1 52. Rxb1 Rd8 53. Rd1 Qc2 54. Qf1 Rd3 55. Kg2 f4 56. h4 Qc8 57. Kh2 Qg4 58. Rxd2 Rxd2 59. Qa1+ Kg8 60. Qa8+ Kf7 61. Qb7+ Qd7 62. Qb3+ Qe6 63. Qb7+ Rd7 64. Qb2 f3 65. Qh8 Qd6+ 66. Kh3 Qf8 67. Qf6+ Kg8 68. Qe6+ Qf7 69. Qxe4 Qf5+ 0-1

[Event "XIII Mediterranean Championship 2023"]
[Site "Castell-Platja d Aro"]
[Date "2023.11.05"]
[Round "3.23"]
[White "Ballo Serrano, Jan"]
[Black "Galvan Cipriani, Viviana"]
[Result "0-1"]
[ECO "B23"]
[WhiteElo "1512"]
[BlackElo "2077"]
[Annotator "NA"]
[PlyCount "56"]
[EventDate "2023.10.26"]
[EventType "swiss"]
[EventCountry "ESP"]
[SourceTitle "playchess.com"]
[Source "ChessBase"]
[SourceQuality "1"]
[TimeControl "5400+30"]

1. e4 c5 2. Nc3 a6 3. f4 e6 4. d4 cxd4 5. Qxd4 Nc6 6. Qf2 Bb4 7. Bd2 Nge7 8. O-O-O d6 9. Bd3 b5 10. Nf3 Bb7 11. Ne2 Bxd2+ 12. Rxd2 Nb4 13. Kb1 Nxd3 14. cxd3 O-O 15. Rc1 Nc6 16. Ned4 Nxd4 17. Qxd4 Re8 18. Qe3 e5 19. f5 d5 20. g4 f6 21. h4 Rc8 22. Rg1 Rc6 23. g5 Qb6 24. Qe2 dxe4 25. dxe4 Rc4 26. Rg4 Rec8 27. Qd1 Qc7 28. Rg1 Bxe4+ 0-1

[Event "XIII Mediterranean Championship 2023"]
[Site "Castell-Platja d Aro"]
[Date "2023.11.05"]
[Round "3.24"]
[White "Pla Almenar, Nel"]
[Black "Vinolas Anglada, Laura"]
[Result "1/2-1/2"]
[ECO "C22"]
[WhiteElo "2070"]
[BlackElo "1884"]
[Annotator "NA"]
[PlyCount "100"]
[EventDate "2023.10.26"]
[EventType "swiss"]
[EventCountry "ESP"]
[SourceTitle "playchess.com"]
[Source "ChessBase"]
[SourceQuality "1"]
[TimeControl "5400+30"]

1. e4 e5 2. d4 exd4 3. Qxd4 Nc6 4. Qe3 Nf6 5. Bd2 Be7 6. c4 Ng4 7. Qe2 d6 8. h3 Nge5 9. Bc3 O-O 10. Nd2 f5 11. O-O-O Kh8 12. f4 Ng6 13. g3 Bf6 14. e5 dxe5 15. fxe5 Ngxe5 16. Ne4 Qe7 17. Nxf6 gxf6 18. Nf3 Nxf3 19. Qxf3 Qe4 20. Qxe4 fxe4 21. Bg2 Be6 22. b3 Kg8 23. Bxe4 f5 24. Bxc6 bxc6 25. Rhe1 Kf7 26. Re5 Rad8 27. Rf1 Rd3 28. Bb4 Rb8 29. Bc5 Rxg3 30. Rfe1 Re8 31. Bxa7 Rxh3 32. Bd4 h5 33. Rg1 Rh4 34. Bc3 Rg4 35. Rd1 h4 36. Rc5 h3 37. Be5 Rg2 38. Rh1 f4 39. Bxf4 Rxa2 40. Rh2 Rxh2 41. Bxh2 Bd7 42. Re5 Rxe5 43. Bxe5 Ke6 44. Bxc7 Kf5 45. Kd2 Ke4 46. Kc3 Kf3 47. Kd4 Bf5 48. b4 Be4 49. b5 cxb5 50. cxb5 Bb7 1/2-1/2

[Event "XIII Mediterranean Championship 2023"]
[Site "Castell-Platja d Aro"]
[Date "2023.11.05"]
[Round "3.25"]
[White "Moran Cabezas, Eric"]
[Black "Vinals Rioja, Jaume"]
[Result "1/2-1/2"]
[ECO "B12"]
[WhiteElo "1736"]
[BlackElo "1838"]
[Annotator "NA"]
[PlyCount "82"]
[EventDate "2023.10.26"]
[EventType "swiss"]
[EventCountry "ESP"]
[SourceTitle "playchess.com"]
[Source "ChessBase"]
[SourceQuality "1"]
[TimeControl "5400+30"]

1. e4 c6 2. d4 d5 3. e5 Bf5 4. g4 Bg6 5. h4 h6 6. Nh3 e6 7. Nf4 Bh7 8. Bd3 Bxd3 9. Qxd3 Qb6 10. Nd2 c5 11. c3 Nc6 12. Nf3 cxd4 13. cxd4 Nb4 14. Qb3 Ne7 15. a3 Na6 16. Qxb6 axb6 17. Bd2 Nc6 18. Ke2 Be7 19. Kd3 Kd7 20. Ne2 Nc7 21. Rag1 g6 22. Ne1 h5 23. g5 Na5 24. Nc2 Nc4 25. Bc3 Nb5 26. Rb1 Rhc8 27. Bb4 Rc7 28. Nc3 Nxc3 29. bxc3 Bxb4 30. axb4 Rcc8 31. Ra1 Nb2+ 32. Kd2 Na4 33. Ra3 b5 34. Rh3 Ra6 35. Rh1 Rac6 36. Rh3 Ke7 37. Rf3 Ra6 38. Rh3 Rca8 39. Rh1 Kd7 40. Rha1 Ke7 41. Rh1 Kd7 1/2-1/2

[Event "XIII Mediterranean Championship 2023"]
[Site "Castell-Platja d Aro"]
[Date "2023.11.05"]
[Round "3.26"]
[White "Mateu Guiu, Esteve"]
[Black "Teixidor Banus, Josep Maria"]
[Result "1-0"]
[ECO "A41"]
[WhiteElo "2075"]
[BlackElo "1669"]
[Annotator "NA"]
[PlyCount "75"]
[EventDate "2023.10.26"]
[EventType "swiss"]
[EventCountry "ESP"]
[SourceTitle "playchess.com"]
[Source "ChessBase"]
[SourceQuality "1"]
[TimeControl "5400+30"]

1. d4 g6 2. c4 d6 3. Nf3 Bg7 4. Nc3 e6 5. g3 b6 6. Bg2 Bb7 7. O-O Ne7 8. e4 Nd7 9. Qe2 O-O 10. Rd1 a6 11. Bf4 h6 12. h4 Qc8 13. e5 d5 14. b3 c6 15. Rac1 Qd8 16. Qd2 Kh7 17. Nh2 Nf5 18. Ng4 Qe7 19. Ne3 Rac8 20. Nxf5 gxf5 21. Qe2 f6 22. exf6 Qxf6 23. Qd2 Rg8 24. Ne2 Qg6 25. Be3 Rce8 26. Nf4 Qf7 27. Bf3 Nf6 28. Qb4 Bf8 29. Qxb6 Ng4 30. Re1 Bd6 31. Bd2 Bxf4 32. Bxf4 Nf6 33. cxd5 exd5 34. Be2 Ne4 35. Bxa6 Bxa6 36. Qxa6 Ra8 37. Qxc6 Rxa2 38. Qxh6# 1-0

[Event "XIII Mediterranean Championship 2023"]
[Site "Castell-Platja d Aro"]
[Date "2023.11.05"]
[Round "3.27"]
[White "Andreu Lopez, Santiago"]
[Black "Giro Castellet, Esteve"]
[Result "1-0"]
[ECO "A17"]
[WhiteElo "1834"]
[BlackElo "1633"]
[Annotator "NA"]
[PlyCount "77"]
[EventDate "2023.10.26"]
[EventType "swiss"]
[EventCountry "ESP"]
[SourceTitle "playchess.com"]
[Source "ChessBase"]
[SourceQuality "1"]
[TimeControl "5400+30"]

1. Nf3 d5 2. g3 Nd7 3. Bg2 c6 4. O-O Ngf6 5. d3 e6 6. c4 Be7 7. cxd5 exd5 8. Nc3 O-O 9. e4 dxe4 10. dxe4 Nc5 11. Qc2 Qd3 12. Ne1 Qxc2 13. Nxc2 Nd3 14. Ne3 Be6 15. b3 Nxc1 16. Raxc1 Rad8 17. Rfd1 Ng4 18. Nxg4 Bxg4 19. f3 Be6 20. Ne2 Ba3 21. Rb1 Bc5+ 22. Kf1 Be3 23. Nf4 Bc8 24. Bh3 Bxh3+ 25. Nxh3 c5 26. Ke2 Bd4 27. Nf4 Rfe8 28. Kf1 Be3 29. Ng2 Bd4 30. Rd3 Bf6 31. Rbd1 Rd4 32. Ne3 Rxd3 33. Rxd3 Rd8 34. Ke2 Rxd3 35. Kxd3 b5 36. Nd5 Bd8 37. Nc3 a6 38. a4 Bf6 39. axb5 1-0

[Event "XIII Mediterranean Championship 2023"]
[Site "Castell-Platja d Aro"]
[Date "2023.11.05"]
[Round "3.28"]
[White "Vidal Traves, Marti"]
[Black "Diaz Comas, Jordi"]
[Result "0-1"]
[ECO "A58"]
[WhiteElo "1631"]
[BlackElo "1837"]
[Annotator "NA"]
[PlyCount "94"]
[EventDate "2023.10.26"]
[EventType "swiss"]
[EventCountry "ESP"]
[SourceTitle "playchess.com"]
[Source "ChessBase"]
[SourceQuality "1"]
[TimeControl "5400+30"]

1. d4 Nf6 2. c4 c5 3. d5 b5 4. cxb5 a6 5. bxa6 g6 6. g3 Bg7 7. Bg2 d6 8. Nc3 Bxa6 9. Nf3 Nbd7 10. O-O O-O 11. Qc2 Qc7 12. Rd1 Rfb8 13. Rb1 Ng4 14. h3 Nge5 15. Nxe5 Nxe5 16. b3 Ra7 17. Kh2 Rab7 18. a3 h6 19. f4 Nd7 20. e4 Qa5 21. Na4 Bb5 22. Bd2 Qa7 23. Nc3 Ba6 24. Na2 Be2 25. Re1 Qa6 26. Nc1 Bb5 27. Qa2 Bc4 28. Re3 Bd4 29. Rf3 Nf6 30. Bc3 Nxe4 31. Bxd4 cxd4 32. Qc2 Bxd5 33. Rd3 Qa7 34. Qb2 e5 35. b4 Nc3 36. Bxd5 Nxd5 37. Ne2 Ne3 38. Qb3 Qa6 39. fxe5 dxe5 40. g4 Qc6 41. Rxe3 dxe3 42. Qxe3 Kh7 43. Qxe5 Re8 44. Qb2 Rbe7 45. Ng1 Qc4 46. Qb3 Qf4+ 47. Qg3 Re2+ 0-1

[Event "XIII Mediterranean Championship 2023"]
[Site "Castell-Platja d Aro"]
[Date "2023.11.05"]
[Round "3.29"]
[White "Vidal Palou, Jordi"]
[Black "Garcia Rodriguez, Laia"]
[Result "0-1"]
[ECO "D00"]
[WhiteElo "1620"]
[BlackElo "1811"]
[Annotator "NA"]
[PlyCount "84"]
[EventDate "2023.10.26"]
[EventType "swiss"]
[EventCountry "ESP"]
[SourceTitle "playchess.com"]
[Source "ChessBase"]
[SourceQuality "1"]
[TimeControl "5400+30"]

1. d4 d5 2. Bf4 Nf6 3. e3 c5 4. c3 Nc6 5. Bd3 Qb6 6. Qc1 cxd4 7. exd4 Bg4 8. f3 Bh5 9. Na3 a6 10. Nc2 e6 11. Ne2 Bg6 12. Bxg6 hxg6 13. Rb1 Be7 14. Qd2 Rc8 15. Be3 Qc7 16. Bf4 Qd7 17. Ne3 Nh5 18. Ng4 Nxf4 19. Qxf4 b5 20. a3 Bd6 21. Qe3 a5 22. f4 Qe7 23. Ne5 b4 24. cxb4 axb4 25. Rc1 Bxe5 26. fxe5 O-O 27. O-O bxa3 28. bxa3 Na5 29. Rf4 Rxc1+ 30. Qxc1 Nc4 31. Rf3 Rb8 32. Nf4 Rb2 33. Nh3 Qb7 34. Qf4 Nd2 35. Qh4 Nxf3+ 36. gxf3 Qc7 37. Nf2 Qc1+ 38. Kg2 g5 39. Qg3 Rb1 40. Kh3 Qxa3 41. Ng4 Qd3 42. Qg2 Qh7+ 0-1